 Dungeon Crawl Stone Soup version 0.30-b1-2-g02819fbbbe (webtiles) character file.

Game seed: 10606836272780751559

7757 manyhoops the Covert (level 10, -6/86 HPs)
             Began as a Demigod Fire Elementalist on Nov 16, 2023.
             Mangled by an orc knight
             ... wielding a +0 glaive
              (38 damage)
             ... in a bailey.
             The game lasted 00:17:31 (8645 turns).

manyhoops the Covert (Demigod Fire Elementalist)    Turns: 8645, Time: 00:17:33

Health: -6/86      AC:  7    Str: 12    XL:     10   Next: 69%
Magic:  32/33      EV: 11    Int: 29    God:
Gold:   473        SH:  0    Dex: 20    Spells: 8/23 levels left

rFire   + . .        y - +0 dagger (protect)
rCold   x . .        (no shield)
rNeg    . . .        v - +0 ring mail "Palinem" {rElec rPois MP+9 Str+3}
rPois   +            j - +1 helmet
rElec   +            (no cloak)
rCorr   .            (no gloves)
SInv    .            (no boots)
Will    +....        n - amulet of magic regeneration
Stlth   ++++         l - +6 ring of dexterity
HPRegen 0.34/turn    w - ring of fire
MPRegen 0.63/turn

%: no passive effects
@: flying, studying Fighting
A: high MP 1, forlorn, divine attributes
a: no special abilities


You were in a bailey.
You visited 2 branches of the dungeon, and saw 10 of its levels.
You also visited: Bailey.

You collected 473 gold pieces.

Inventory:

Hand Weapons
 y - a +0 dagger of protection (weapon)
Missiles
 a - 2 throwing nets
Armour
 j - a +1 helmet (worn)
 v - the +0 ring mail "Palinem" (worn) {rElec rPois MP+9 Str+3}
   (You found it on level 7 of the Dungeon)

   Str:       It affects your strength (+3).
   rElec:     It insulates you from electricity.
   rPois:     It protects you from poison.
   MP:        It affects your magic capacity (+9).
Jewellery
 e - a ring of flight
 k - an amulet of reflection
 l - a +6 ring of dexterity (left hand)
 n - an amulet of magic regeneration (around neck)
 w - a ring of fire (right hand)
 D - a ring of protection from cold
 H - a +5 ring of evasion
Wands
 c - a wand of light (15)
 m - a wand of charming (23)
Scrolls
 d - 3 scrolls of immolation
 f - 2 scrolls of teleportation
 g - a scroll of vulnerability
 h - a scroll of fog {unknown}
 s - 4 scrolls of poison
 t - 2 scrolls of fear
 x - 3 scrolls of magic mapping
 A - a scroll of amnesia {unknown}
 B - 3 scrolls of identify
 G - a scroll of acquirement {unknown}
Potions
 b - a potion of magic
 i - a potion of brilliance
 o - a potion of flight
 p - 2 potions of heal wounds {unknown}
 q - 3 potions of ambrosia {unknown}
 r - 4 potions of attraction {unknown}
 u - 2 potions of mutation {unknown}
 z - a potion of degeneration {unknown}
 C - a potion of might {unknown}
 E - a potion of haste {unknown}
 F - 3 potions of lignification {unknown}


   Skills:
 - Level 7.3 Fighting
 - Level 2.2 Armour
 - Level 1.7 Dodging
 - Level 8.2 Stealth
 + Level 7.0 Spellcasting
 - Level 4.1 Conjurations
 + Level 8.1 Fire Magic


You had 8 spell levels left.
You knew the following spells:

 Your Spells              Type           Power      Damage    Failure   Level
a - Foxfire               Conj/Fire      100%       2x1d9     1%          1
b - Scorch                Fire           100%       2d9       1%          2
c - Flame Wave            Conj/Fire      62%        2d14      9%          4
d - Inner Flame           Hex/Fire       50%        N/A       6%          3
e - Blink                 Tloc           20%        N/A       17%         2
f - Volatile Blastmotes   Fire/Tloc      100%       2d18      6%          3

Your spell library contained the following spells:

 Spells                   Type           Power      Damage    Failure   Level
 Magic Dart               Conj           100%       1d8       1%          1
 Searing Ray              Conj           68%        2d6       3%          2
 Shock                    Conj/Air       88%        1d8       4%          1
 Apportation              Tloc           20%        N/A       11%         1
 Necrotise                Necr           40%        1d6       11%         1
 Sting                    Tmut/Pois      40%        1d5       11%         1
 Summon Small Mammal      Summ           40%        N/A       11%         1
 Poisonous Vapours        Pois/Air       20%        N/A       17%         2
 Swiftness                Air            10%        N/A       32%         3
 Fulminant Prism          Conj/Hex       11%        3d9       43%         4
 Airstrike                Air            5%         2d(1-17)  73%         4
 Manifold Assault         Tloc           10%        N/A       73%         4
 Olgreb's Toxic Radiance  Pois           10%        N/A       73%         4
 Alistair's Intoxication  Tmut/Pois      6%         N/A       97%         5
 Borgnjor's Vile Clutch   Necr/Erth      5%         N/A       97%         5
 Eringya's Noxious Bog    Tmut/Pois      5%         N/A       100%        6
 Storm Form               Tmut/Air       5%         N/A       100%        7


Dungeon Overview and Level Annotations

Branches:
Dungeon (9/15)             Temple (1/1) D:7            Lair (0/5) D:8
    Orc (0/2) D:9          Bailey (1/1)

Annotations:
D:5 3 runed translucent doors, yogakurto's ghost, novice NaFi
D:6 1 runed translucent door
D:8 2 runed translucent doors, Ralhos's ghost, novice MiBe


Innate Abilities, Weirdness & Mutations

You have an increased reservoir of magic. (+10% MP)
You shall have no god before yourself.
Your divine heritage dramatically boosts your attributes as you level up.


Message History

An orc is nearby!
Casting: Scorch (safe; 1% risk of failure)
Confirm with . or Enter, or press ? or * to list all spells.
You feel a surge of power!
Flames lash the orc.
You kill the orc!
Casting: Scorch (safe; 1% risk of failure)
Confirm with . or Enter, or press ? or * to list all spells.
You can't see any susceptible monsters within range! (Use Z to cast anyway.)
There is an open door here.
You enter the shallow water.
Moving in this stuff is going to be slow.
You open the gate.
Found two gates leading back out of this place.
There is an open gate here.
You pick up a manual of Fighting and begin studying.
You open the door. 2 orc warriors and 2 orc knights come into view.
The orc warrior shouts! x2; The orc knight shouts! x2
The orc warrior hits you from afar with a +0 halberd!!
The orc knight roars a battlecry!
The orcs go into a battle-frenzy!
Found a manual of Armour and a potion of experience.
Found a roughly hewn altar of Beogh.
Casting: Scorch (safe; 1% risk of failure)
Confirm with . or Enter, or press ? or * to list all spells.
You feel a surge of power!
A cloud of volatile blastmotes flares up around you!
The orc warrior hits you from afar with a +0 halberd!
The orc warrior hits you from afar with a +0 glaive!!
The orc knight roars a battlecry!
The orc knight goes into a battle-frenzy!
As you read the scroll of fear, it crumbles to dust.
You assume a fearsome visage.
The orc warrior looks frightened!
The orc knight looks frightened!
The orc warrior looks frightened!
The orc knight resists with some effort.
There is an open gate here.
You feel very buoyant.
You fly up into the air.
The orc knight hits you from afar with a +0 glaive!!!
You die...

.~≈≈≈≈≈~~~~~~~~~~~~~~~~~≈≈≈≈≈~...
.≈≈###≈≈~~~~~~~~~~~~~~~≈≈###≈≈...
.≈##.##≈~~~~~~~~~~~~~~~≈##.##≈...
.≈#....~~~~~~~~~~~~~~~~~....#≈...
.≈##.∩#≈~~~~~~~~~~~~~~)≈#∩.##≈...
.≈≈#.##≈~~~~#######~~~~≈##.#≈≈...
.~≈≈~≈≈≈~~~~##~~~~##~~~≈≈≈~≈≈~...
.~~~~~~~~~~~##~~~~~##~~~~~~~~~...
.~~~~~~~~~~~##''@#~~##~~~~~~~~...
.~~~~~~~##~~##∩§∩##~~#~~~~~~~~...
.~~~~~~~##~####o####~##~~~~~~~...
.~~~~~~~##~')#...#)'~##~~~~~~~...
.~~~~~~~##~###._o###~##~~~~~~~...
.~~~~~~~##~')#oo:#)'~##~~~~~~~...
.~~~~~~~##~#########~##~~~~~~~...
.~~~~~~~~#~~##)#)##~~#~~~~~~~~...
.~~~~~~~~##~~#'#'#~~##~~~~~)~~...


You could see 2 orc knights and an orc warrior (strong, fleeing).

Vanquished Creatures
  2 two-headed ogres
  A centaur warrior (D:8)
  Maggie (D:7)
  A dream sheep (shapeshifter) (D:8)
  A wraith (D:9)
  4 yaks
  2 steam dragons (D:8)
  A water moccasin (D:7)
  An ice beast (D:7)
  2 sky beasts
  3 black bears
  15 orc warriors
  3 centaurs
  A phantom (D:5)
  2 bullfrogs (D:8)
  3 scorpions
  A gnoll sergeant (D:6)
  4 wights (D:6)
  A water moccasin zombie (D:5)
  3 killer bees (D:9)
  2 howler monkeys
  A bullfrog zombie (D:5)
  3 hounds
  A gnoll bouda (D:6)
  4 orc priests
  2 bullfrog skeletons (D:5)
  A jelly (D:6)
  3 iguanas
  2 sleepcaps
  Natasha (thrice) (D:4)
  10 orc wizards
  2 scorpion zombies (D:5)
  2 killer bee zombies (D:5)
  15 gnolls
  9 adders
  2 shadow imps (D:8)
  3 white imps
  2 ufetubi
  A worm (D:4)
  A dart slug (D:2)
  44 orcs
  5 ball pythons
  8 endoplasms
  3 giant cockroaches
  9 hobgoblins
  8 kobolds
  4 quokkas
  4 bats
  A frilled lizard (D:1)
  7 goblins
  2 kobold skeletons (D:6)
  A rat (D:1)
217 creatures vanquished.

Vanquished Creatures (others)
  A sky beast (D:8)
  558 foxfires
  A withered plant (D:5)
560 creatures vanquished.

Grand Total: 777 creatures vanquished

Notes
Turn   | Place    | Note
-------+----------+-------------------------------------------
     0 | D:1      | manyhoops the Demigod Fire Elementalist began the quest for
                  | the Orb.
     0 | D:1      | Reached XP level 1. HP: 14/14 MP: 5/5
   159 | D:1      | Reached skill level 1 in Conjurations
   311 | D:1      | Reached XP level 2. HP: 9/20 MP: 4/7
  1148 | D:2      | Reached XP level 3. HP: 26/26 MP: 5/8
  1654 | D:2      | Learned a level 2 spell: Scorch
  2464 | D:3      | Reached XP level 4. HP: 33/33 MP: 6/9
  3007 | D:4      | Reached XP level 5. HP: 38/38 MP: 7/11
  3012 | D:4      | Identified the +0 ring mail "Otzobbuc" {*Corrode rF+ rC+
                  | Int+3}
  3103 | D:4      | Learned a level 4 spell: Flame Wave
  3130 | D:4      | You fall into a shaft and drop 3 floors!
  3162 | D:7      | Found a staircase to the Ecumenical Temple.
  3163 | D:7      | Noticed a water moccasin
  3193 | D:7      | Noticed a two-headed ogre
  3210 | D:7      | Killed a water moccasin
  3211 | D:7      | Reached XP level 6. HP: 24/45 MP: 4/13
  3226 | Temple   | Entered the Ecumenical Temple
  3369 | D:7      | Reached skill level 5 in Fire Magic
  3374 | D:7      | Identified the +0 ring mail "Palinem" {rElec rPois MP+9
                  | Str+3}
  3431 | D:7      | Noticed Maggie
  3463 | D:7      | Reached skill level 1 in Armour
  3829 | D:6      | Found a runed translucent door.
  3829 | D:6      | Noticed a human
  3873 | D:6      | Reached XP level 7. HP: 34/50 MP: 15/15
  4000 | D:5      | Entered Level 5 of the Dungeon
  4369 | D:4      | Noticed Natasha
  4373 | D:4      | Killed Natasha
  4434 | D:4      | Noticed Natasha
  4438 | D:4      | Killed Natasha
  4467 | D:4      | Noticed Natasha
  4473 | D:4      | Killed Natasha
  4595 | D:5      | Noticed a yak
  4595 | D:5      | Noticed a yak
  4595 | D:5      | Noticed a yak
  4595 | D:5      | Noticed a yak
  4606 | D:5      | Killed a yak
  4618 | D:4      | Killed a yak
  4619 | D:4      | Reached skill level 5 in Spellcasting
  4619 | D:4      | Reached XP level 8. HP: 28/57 MP: 12/19
  4912 | D:5      | Learned a level 3 spell: Inner Flame
  4915 | D:5      | Learned a level 2 spell: Blink
  4919 | D:5      | Learned a level 3 spell: Volatile Blastmotes
  5230 | D:5      | Found a runed translucent gate.
  5230 | D:5      | Found a runed translucent gate.
  5230 | D:5      | Found a runed translucent gate.
  5230 | D:5      | Noticed yogakurto's ghost (novice NaFi)
  5671 | D:6      | Reached XP level 9. HP: 49/62 MP: 16/23
  6141 | D:6      | Reached skill level 1 in Fighting
  6221 | D:7      | Killed a two-headed ogre
  6245 | D:7      | Killed Maggie
  6471 | D:7      | Reached skill level 5 in Stealth
  6855 | D:8      | Reached skill level 5 in Fighting
  6892 | D:8      | Reached XP level 10. HP: 61/81 MP: 22/24
  6961 | D:8      | Noticed a centaur warrior
  6971 | D:8      | Killed a centaur warrior
  7102 | D:8      | Found a staircase to the Lair.
  7228 | D:8      | Noticed a two-headed ogre
  7244 | D:8      | Killed a two-headed ogre
  7297 | D:8      | Found a large runed translucent door.
  7297 | D:8      | Found a large runed translucent door.
  7395 | D:8      | Noticed Ralhos's ghost (novice MiBe)
  7848 | D:9      | Found a flagged portal.
  7863 | Bailey   | Entered a bailey
  8641 | Bailey   | Noticed an orc knight
  8641 | Bailey   | Noticed an orc knight
  8645 | Bailey   | Mangled by an orc knight

Illustrated notes

Levels and vault maps discovered:
D:1:      lightli_arrival_lavapool, layout_basic,
          shapermc_ecumenical_altar_flowoftime
D:2:      layout_basic, grunt_ministairs_1, minmay_misc_feat_plants,
          chequers_serial_rivers_small_b
D:3:      layout_basic, mainiacjoe_overflow_catwalk_spiral,
          mainiacjoe_overflow_small_starburst, minmay_misc_feat_ornament
D:4:      layout_cave_pools, xom_redecorated, lemuel_crystal_altar, uniq_natasha
D:5:      layout_basic, serial_undead, serial_undead_e, serial_undead_c,
          serial_undead_d, serial_undead_b, serial_undead_f,
          gammafunk_ghost_necromancy
D:6:      layout_basic, dk_yredelemnul_ordeal,
          nicolae_hepliaklqana_ecumenical_no_more, nicolae_wu_jian_wuxing_cycle
D:7:      layout_basic, lemuel_tele_altar, minmay_temple_entry_gardened_gates,
          uniq_maggie
D:8:      wad_guarded_room, layout_rooms, amcnicky_altar_gilded,
          lair_entry_dummy, ebering_ghost_disaster_area,
          serial_co_window_serial, co_window_corner_a, co_window_paths_a,
          co_window_of_opportunity_a, co_window_paths_a, co_window_paths_b,
          co_window_broadway_a, co_window_broadway_c, co_window_unsneaky_path_a,
          glass_columns_a
D:9:      layout_rooms, david_orc_4, enter_bailey_4, minmay_fractal_squares_5
Temple:   nicolae_temple_godzebo
Bailey:   bailey_polearm_2, bailey

Skill      XL: |  1  2  3  4  5  6  7  8  9 10 |
---------------+-------------------------------+-----
Fire Magic     | 3 4 5 6 7 8 |  8.1
Conjurations   | 1 2 3 4 |  4.1
Spellcasting   | 2 3 5 6 7 |  7.0
Armour         | 2 |  2.2
Stealth        | 6 8 |  8.2
Fighting       | 5 7 |  7.3
Dodging        | |  1.7

Action                     |  1- 3 |  4- 6 |  7- 9 | 10-12 || total
---------------------------+-------+-------+-------+-------++-------
  Melee: Club              |    17 |       |       |       ||    17
         Unarmed           |     2 |       |       |       ||     2
         Punch             |     1 |       |       |       ||     1
         Dagger            |       |       |     2 |     7 ||     9
   Cast: Foxfire           |   129 |    84 |    75 |    32 ||   320
         Scorch            |       |    29 |   137 |    57 ||   223
         Flame Wave        |       |       |     5 |     5 ||    10
         Volatile Blastmot |       |       |     5 |     2 ||     7
    Use: Scroll            |     1 |     6 |     2 |     2 ||    11
         Potion            |       |     2 |       |     1 ||     3
 Armour: Robe              |    19 |     4 |       |       ||    23
         Ring mail         |       |     6 |    37 |    10 ||    53
  Dodge: Dodged            |    45 |    22 |    54 |    34 ||   155
  Block: Other             |     2 |       |       |       ||     2
         Reflection        |     2 |       |       |       ||     2
